 Dungeon Crawl Stone Soup version 0.31-a0-640-g39d97e502b (webtiles) character file.

Game seed: 8323320111006619732

354 qw the Shooter (level 6, -9/38 HPs)
             Began as a Gargoyle Hunter on Aug 27, 2023.
             Mangled by an ogre
             ... wielding a +0 giant spiked club
              (29 damage)
             ... on level 4 of the Dungeon.
             The game lasted 00:01:17 (3044 turns).

qw the Shooter (Gargoyle Hunter)                    Turns: 3044, Time: 00:01:17

Health: -9/38      AC: 11    Str: 14    XL:     6   Next: 63%
Magic:  6/6        EV: 10    Int: 10    God:
Gold:   178        SH:  0    Dex: 15    Spells: 5/5 levels left

rFire   . . .        Y - +1 shortbow
rCold   . . .        (shield currently unavailable)
rNeg    + . .        g - +0 ring mail
rPois   inf          (no helmet)
rElec   +            j - +0 cloak
rCorr   .            (no gloves)
SInv    .            f - +0 pair of boots {Fly}
Will    .....        (no amulet)
Stlth   +            (no ring)
HPRegen 0.26/turn    (no ring)
MPRegen 0.10/turn

%: no passive effects
@: flying
A: sickness immunity, AC +4, negative energy resistance 1, electricity
resistance, torment resistance 1, petrification resistance
a: no special abilities


You were on level 4 of the Dungeon.
You visited 1 branch of the dungeon, and saw 4 of its levels.

You collected 178 gold pieces.


Innate Abilities, Weirdness & Mutations

You are immune to sickness and miasma.
Your stone body is resilient. (AC +4)
You are immune to poison.
You resist negative energy. (rN+)
You are resistant to electric shocks. (rElec)
You are resistant to unholy torment.
You are immune to petrification.


   Skills:
 - Level 4.0 Fighting
 + Level 6.9 Ranged Weapons
 - Level 1.0 Armour
 - Level 1.5 Dodging
 - Level 1.1 Stealth


You had 5 spell levels left.
You didn't know any spells.
Your spell library was empty.

Inventory:

Hand Weapons
 Y - a +1 shortbow (weapon)
Armour
 c - a +1 pair of boots
 f - a +0 pair of boots of flying (worn)
 g - a +0 ring mail (worn)
 j - a +0 cloak (worn)
Jewellery
 d - an amulet of regeneration
 i - a +6 ring of intelligence
Scrolls
 h - a scroll of enchant armour {unknown}
 k - a scroll of identify
Potions
 a - a potion of attraction {unknown}
 b - a potion of might {unknown}
 e - 2 potions of curing

Dungeon Overview and Level Annotations

Branches:
Dungeon (4/15)
 Temple: D:4-7

Altars:

Shops:
D:3 (

Annotations:
D:4 2 transporters


Message History

The ball python hisses angrily.
The ball python barely misses you. The ball python grabs you.
The ball python constricts you.
You shoot an arrow. The arrow hits the ball python!
You kill the ball python!
You see here a ball python corpse.
An endoplasm comes into view.
You shoot an arrow. The arrow hits the endoplasm!
You kill the endoplasm!
Found a short sword.
Found a stone staircase leading up.
Enter note:
Enter note:
Enter note:
There is a stone staircase leading up here.
Found a stone staircase leading down.
k - a scroll of identify An ogre comes into view.
It is wielding a +0 giant spiked club.
The ogre shouts!
Enter note: You shoot an arrow.
The arrow barely misses the ogre.
You shoot an arrow. The arrow hits the ogre.
The ogre is moderately wounded.
The ogre barely misses you.
You shoot an arrow. The arrow hits the ogre.
The ogre is moderately wounded.
The ogre hits you with a +0 giant spiked club!!
Ouch! That really hurt!
You shoot an arrow. The arrow hits the ogre!
The ogre is severely wounded.
You shoot an arrow.
The arrow hits the ogre but does no damage.
The ogre is severely wounded.
The ogre closely misses you.
You shoot an arrow.
The arrow hits the ogre but does no damage.
The ogre is severely wounded.
The ogre hits you with a +0 giant spiked club!!
Ouch! That really hurt!
You die...

#.....# #...#
......# #...#
#.....####...####
#.....#.........#
#######.........#
# #.........# #
####...###### #
#>.......# ###
#......@.# ..#
#......#+#O.#
#.#####.###..+
'..# ........#
#..#+#..#
#.#.##### #...
..## .....# #...
..# .#.#.# ###
### .....# .#.#.#


You could see an ogre.

Vanquished Creatures
  An ogre (D:4)
  An orc priest (D:4)
  An orc wizard (D:4)
  7 gnolls (D:4)
  5 adders
  A worm (D:2)
  4 dart slugs
  7 orcs
  8 ball pythons
  7 endoplasms
  A giant cockroach (D:2)
  8 goblins
  3 hobgoblins
  6 jackals
  7 quokkas
  4 bats
  A frilled lizard (D:3)
  7 kobolds
  6 rats
85 creatures vanquished.

Notes
Turn   | Place    | Note
-------+----------+-------------------------------------------
     0 | D:1      | qw the Gargoyle Hunter began the quest for the Orb.
     0 | D:1      | Reached XP level 1. HP: 12/12 MP: 1/1
     0 | D:1      | 0 ||| qw: Version: 0.3-a-74-g0d5e918
     0 | D:1      | 0 ||| qw: Game counter: 90
     0 | D:1      | 0 ||| qw: Melee chars always use a shield: true
     0 | D:1      | 0 ||| qw: God list: Okawaru
     0 | D:1      | 0 ||| qw: Allow faded altars: false
     0 | D:1      | 0 ||| qw: Do Orc after clearing Dungeon:15 true
     0 | D:1      | 0 ||| qw: Do second Lair branch before Depths: true
     0 | D:1      | 0 ||| qw: Lair rune preference: random
     0 | D:1      | 0 ||| qw: Goals: Normal
     0 | D:1      | 0 ||| PLANNING D:1-11
   125 | D:1      | Reached XP level 2. HP: 17/17 MP: 2/2
   319 | D:1      | Reached XP level 3. HP: 19/21 MP: 3/3
   354 | D:1      | Reached skill level 5 in Ranged Weapons
   609 | D:1      | 609 ||| READING 2 scrolls labelled SUXKAY RISH.
   610 | D:1      | 610 ||| READING scroll labelled HITWUN POLI.
   611 | D:1      | 611 ||| DROPPING scroll of revelation.
   612 | D:1      | 612 ||| DROPPING scroll of butterflies.
   951 | D:2      | Reached skill level 3 in Fighting
  1321 | D:2      | Reached XP level 4. HP: 28/28 MP: 4/4
  1405 | D:2      | 1405 ||| UPGRADING to +0 pair of boots of flying.
  1410 | D:2      | 1410 ||| UPGRADING to +0 cloak.
  1415 | D:2      | 1415 ||| READING scroll labelled UCEMAHUEGU.
  1416 | D:2      | 1416 ||| READING scroll labelled XOIKLITHALL.
  1434 | D:2      | 1434 ||| READING scroll labelled TONLOLE NIQIN.
  1435 | D:2      | 1435 ||| READING scroll labelled PESOFA EJUIH.
  1436 | D:2      | 1436 ||| READING scroll labelled VOGENK ASSY.
  1492 | D:3      | Found Rytor's Weapon Emporium.
  1597 | D:3      | Reached skill level 1 in Armour
  2254 | D:3      | 2254 ||| UPGRADING to +0 ring mail.
  2264 | D:3      | 2264 ||| DROPPING +0 leather armour.
  2265 | D:3      | 2265 ||| READING scroll labelled DAOTESSEVUR.
  2266 | D:3      | 2266 ||| READING scroll labelled FULASTR DAADD.
  2267 | D:3      | 2267 ||| DRINKING 3 ruby potions.
  2268 | D:3      | 2268 ||| DRINKING 3 fizzy inky potions.
  2354 | D:4      | Reached XP level 5. HP: 27/32 MP: 5/5
  2359 | D:4      | 2359 ||| Stepping ~*~*~tactically~*~*~ (retreating).
  2363 | D:4      | 2363 ||| Stepping ~*~*~tactically~*~*~ (retreating).
  2364 | D:4      | 2364 ||| Stepping ~*~*~tactically~*~*~ (retreating).
  2365 | D:4      | 2365 ||| RETREATING.
  2367 | D:4      | 2367 ||| Stepping ~*~*~tactically~*~*~ (retreating).
  2368 | D:4      | 2368 ||| Stepping ~*~*~tactically~*~*~ (retreating).
  2371 | D:4      | HP: 6/32 [gnoll/+0 club (5)]
  2372 | D:4      | 2372 ||| DRINKING 2 potions of heal wounds.
  2375 | D:4      | 2375 ||| DRINKING 2 potions of curing.
  2375 | D:4      | 2375 ||| (to cure confusion)
  2377 | D:4      | Reached skill level 6 in Ranged Weapons
  2391 | D:4      | HP: 8/32 [gnoll/+0 halberd (2)]
  2392 | D:4      | 2392 ||| DRINKING potion of heal wounds.
  2653 | D:4      | Reached XP level 6. HP: 18/38 MP: 6/6
  2954 | D:4      | Found a transporter.
  2959 | D:4      | Found a transporter.
  3044 | D:4      | Mangled by an ogre

Levels and vault maps discovered:
D:1:      wander_arrival_desolate, layout_basic
D:2:      layout_loops_ring, minmay_misc_feat_columns, kennysheep_boxes
D:3:      layout_loops_corners, serial_shops, shop
D:4:      gammafunk_wand_slinger, layout_loops_cross, kennysheep_mini_moat,
          serial_glass, glass_columns_b, glass_columns_a, glass_columns_a,
          glass_columns_a, glass_columns_c, glass_columns_a,
          supply_closet_lemuel

Skill      XL: |  1  2  3  4  5 |
---------------+----------------+-----
Ranged Weapons | 5 6 |  6.9
Fighting       | 3 4 |  4.0
Armour         | 1 |  1.0
Dodging        | |  1.5
Stealth        | |  1.1

Action                     |  1- 3 |  4- 6 || total
---------------------------+-------+-------++-------
   Fire: Shortbow          |   130 |   178 ||   308
    Use: Scroll            |     2 |     7 ||     9
         Potion            |       |     5 ||     5
 Armour: Leather armour    |    35 |     4 ||    39
         Ring mail         |       |    61 ||    61
  Dodge: Dodged            |    52 |    58 ||   110

Table legend:
 A = Non-vault XP
 B = Vault XP
 C = Vault XP percentage of total XP
 D = Non-vault monster count
 E = Vault monster count
 F = Vault count percentage of total count
                 A         B        C        D         E       F
            +---------+---------+-------+---------+---------+-------
      Total |     507 |       0 |   0.0 |      85 |       0 |   0.0
            +---------+---------+-------+---------+---------+-------
        D:1 |      41 |       0 |   0.0 |      22 |       0 |   0.0
        D:2 |      43 |       0 |   0.0 |      16 |       0 |   0.0
        D:3 |      45 |       0 |   0.0 |      18 |       0 |   0.0
        D:4 |     378 |       0 |   0.0 |      29 |       0 |   0.0
            +---------+---------+-------+---------+---------+-------
